 Dungeon Crawl Stone Soup version 0.22.1-2-g9c5b331 (webtiles) character file.

1077 MalarOregon the Ducker (level 8, -2/58 HPs)
             Began as a Merfolk Ice Elementalist on Nov 26, 2018.
             Slain by a centaur (10 damage)
             ... on level 6 of the Dungeon on Nov 27, 2018.
             The game lasted 00:15:51 (6703 turns).

MalarOregon the Ducker (Merfolk Ice Elementalist)   Turns: 6703, Time: 00:15:51

Health: -2/58      AC: -3    Str:  8    XL:     8   Next: 29%
Magic:  11/22      EV: 14    Int: 17    God:
Gold:   218        SH:  5    Dex: 14    Spells: 3/13 levels left

rFire    x . .     SeeInvis .   q - +0 trident
rCold    + . .     Gourm    .   l - +0 buckler
rNeg     + . .     Faith    .   j - +3 leather armour {rN+}
rPois    .         Spirit   .   t - +1 helmet
rElec    .         Reflect  .   (no cloak)
rCorr    .         Harm     .   (no gloves)
MR       .....                  (no boots)
Stlth    ++........             (no amulet)
HPRegen  0.19/turn              m - ring of ice
MPRegen  0.18/turn              f - ring of magical power

@: corroded
A: change form in water, swift swim, stealthy swim
a: no special abilities


You were on level 6 of the Dungeon.
You were not hungry.

You visited 1 branch of the dungeon, and saw 6 of its levels.

You collected 218 gold pieces.

Inventory:

Hand Weapons
 q - a +0 trident (weapon)
   (You took it off an orc on level 3 of the Dungeon)
Missiles
 o - 2 poisoned tomahawks (quivered)
Armour
 j - a +3 leather armour of positive energy (worn)
   (You found it on level 1 of the Dungeon)
 l - a +0 buckler (worn)
   (You found it on level 4 of the Dungeon)
 t - a +1 helmet (worn)
   (You found it on level 5 of the Dungeon)
Jewellery
 f - a ring of magical power (right hand)
   (You found it on level 5 of the Dungeon)
 m - a ring of ice (left hand)
   (You found it on level 2 of the Dungeon)
 n - an uncursed ring of positive energy
   (You found it on level 4 of the Dungeon)
Wands
 v - a wand of digging (14)
   (You found it on level 3 of the Dungeon)
Scrolls
 c - a scroll of remove curse {@r2}
 r - 2 scrolls of teleportation {@r4}
Potions
 a - a potion of heal wounds {unknown}
 b - 2 potions of brilliance
 d - a potion of ambrosia {unknown}
 g - 5 potions of curing {@q1}
 h - a potion of resistance
 k - a potion of berserk rage {unknown}
 p - a potion of haste {@q3}
 s - a potion of mutation {!q}
Comestibles
 e - 9 rations {!d}
 u - 2 chunks of flesh


   Skills:
 + Level 3.3 Fighting
 * Level 4.9 Polearms
 + Level 2.0 Armour
 + Level 5.0 Dodging
 - Level 2.1 Stealth
 * Level 3.0 Shields
 + Level 3.4 Spellcasting
 - Level 2.0 Conjurations
 + Level 1.6 Charms
 + Level 1.4 Summonings
 + Level 4.8 Ice Magic


You had 3 spell levels left.
You knew the following spells:

 Your Spells              Type           Power        Failure   Level  Hunger
a - Freeze                Ice            ####         3%          1    None
b - Ozocubu's Armour      Chrm/Ice       ###.....     22%         3    ###....
d - Summon Ice Beast      Ice/Summ       ###.....     58%         4    ####...
x - Throw Frost           Conj/Ice       ###...       10%         2    ##.....

Your spell library contained the following spells:

 Spells                   Type           Power        Failure   Level  Hunger
 Throw Icicle             Conj/Ice       ###.....     54%         4    ####...


Dungeon Overview and Level Annotations

Branches:
Dungeon (6/15)
 Temple: D:4-7

Altars:


Message History

You feel a surge of power!
You freeze the adder. The adder misses you.
Aim: an adder (almost dead)
You feel a surge of power!
You freeze the adder.
You kill the adder!
The centaur shoots an arrow.
The arrow misses you.
The centaur wields a shortbow.
The centaur shoots an arrow.
The arrow hits you but does no damage.
You closely miss the orc. The orc hits you but does no damage.
You closely miss the orc. You block the orc's attack.
You closely miss the orc. The orc hits you but does no damage.
You closely miss the orc. You block the orc's attack.
You hit the orc. The orc closely misses you.
You hit the orc. You block the orc's attack.
You hit the orc.
You kill the orc!
The centaur shoots an arrow.
The arrow hits you but does no damage.
The centaur shoots an arrow.
The arrow hits you!
The centaur shoots an arrow.
The arrow hits you.
Attack whom?
Aim: a centaur, wielding a shortbow You reach to attack!
You hit the centaur. The jelly hits you but does no damage.
Attack whom?
Aim: a centaur, wielding a shortbow (moderately wounded)
The jelly is in the way.
You puncture the jelly! The acid corrodes you!
Your hands burn!
You block the jelly's attack.
You puncture the jelly!
Your hands burn!
The jelly hits you. The acid corrodes you!
You are splashed with acid!
The acid burns!
* * * LOW HITPOINT WARNING * * *
Okay, then.
You hit the jelly but do no damage. The acid corrodes you!
Your hands burn!
* * * LOW HITPOINT WARNING * * *
You block the jelly's attack.
Your icy armour cracks and falls away as you move.
You see here an arrow.
The centaur shoots an arrow.
You block the arrow.
You see here an arrow.
Some of the chunks of flesh in your inventory have rotted away.
The centaur shoots an arrow.
The arrow hits you!
* * * LOW HITPOINT WARNING * * *
You see here an arrow.
There is a stone staircase leading up here.
Unknown command.
The jelly hits you.
* * * LOW HITPOINT WARNING * * *
You are splashed with acid!
The acid burns!
* * * LOW HITPOINT WARNING * * *
The centaur unwields an uncursed shortbow.
The centaur hits you!
You die...

..##.###.....###.# ##.#
.##..# #.....###.####..##
....## #.....##.........#
....# ####(###.........#
.#.## #c# #......>..# ##.#
#c###.........# ##.##
#.##..........# .#..#
#.#.cc........##
....#######.c.#J@.........#
..###[.))....##.........#..#
..<....#####.##..............
.......# #.######.####.....
.............. .... .....
........#...... #..## ...
#######....).... ....
##........ .... ........# ..#


You could see 2 centaurs and a jelly.

Vanquished Creatures
  The ghost of TotesWizzard the Grave Robber, an amateur VSNe (D:5)
  An orc warrior (D:6)
  2 ogres
  A centaur (D:5)
  A howler monkey (D:5)
  A crimson imp (D:5)
  3 hounds
  2 bullfrog zombies (D:5)
  A quasit (D:5)
  An orc wizard (D:6)
  2 iguanas
  Terence (D:2)
  2 worker ants (D:5)
  9 adders
  5 worms
  2 leopard geckos
  9 orcs
  6 giant cockroaches
  14 goblins
  9 hobgoblins
  3 jackals (D:1)
  A quokka (D:3)
  6 bats
  9 frilled lizards
  9 kobolds
  A quokka skeleton (D:5)
  5 rats
107 creatures vanquished.

Notes
Turn   | Place    | Note
-------+----------+-------------------------------------------
     0 | D:1      | MalarOregon the Merfolk Ice Elementalist began the quest
                  | for the Orb.
     0 | D:1      | Reached XP level 1. HP: 13/13 MP: 3/3
   290 | D:1      | Reached XP level 2. HP: 17/20 MP: 1/5
   292 | D:1      | Reached skill level 3 in Dodging
   415 | D:1      | Reached skill level 1 in Fighting
   526 | D:1      | Learned a level 2 spell: Throw Frost
   554 | D:1      | Reached XP level 3. HP: 26/26 MP: 2/6
   803 | D:2      | Learned a level 3 spell: Ozocubu's Armour
   902 | D:2      | Reached skill level 1 in Conjurations
  1511 | D:2      | Reached XP level 4. HP: 22/32 MP: 7/7
  1565 | D:2      | Noticed Terence
  1578 | D:2      | Killed Terence
  2425 | D:3      | Reached XP level 5. HP: 38/38 MP: 0/8
  2840 | D:3      | Reached skill level 1 in Armour
  3195 | D:4      | Reached skill level 1 in Polearms
  4048 | D:5      | Entered Level 5 of the Dungeon
  4089 | D:5      | Reached skill level 4 in Dodging
  4279 | D:5      | HP: 1/38 [adder (3)]
  4284 | D:5      | Reached XP level 6. HP: 10/44 MP: 10/10
  4631 | D:5      | Reached skill level 1 in Shields
  4640 | D:6      | Noticed an orc warrior
  5457 | D:5      | Reached XP level 7. HP: 51/51 MP: 11/11
  5494 | D:5      | Learned a level 4 spell: Summon Ice Beast
  5931 | D:5      | Found a runed gate.
  5931 | D:5      | Found a runed gate.
  5932 | D:5      | Found a runed gate.
  5934 | D:5      | Noticed TotesWizzard's ghost (amateur VSNe)
  6181 | D:5      | Killed TotesWizzard's ghost
  6181 | D:5      | Reached skill level 1 in Charms
  6181 | D:5      | Reached skill level 1 in Summonings
  6398 | D:6      | Reached XP level 8. HP: 33/58 MP: 6/12
  6674 | D:6      | Reached skill level 5 in Dodging
  6703 | D:6      | Slain by a centaur

Skill      XL: |  1  2  3  4  5  6  7  8 |
---------------+-------------------------+-----
Dodging        | 3 4 5 |  5.0
Fighting       | 1 2 3 |  3.3
Conjurations   | 1 2 |  2.0
Ice Magic      | 4 |  4.8
Armour         | 1 2 |  2.0
Polearms       | 1 3 4 |  4.9
Shields        | 1 2 3 |  3.0
Spellcasting   | 3 |  3.4
Charms         | 1 |  1.6
Summonings     | 1 |  1.4
Stealth        | |  2.1

Action                   |  1- 3 |  4- 6 |  7- 9 || total
-------------------------+-------+-------+-------++-------
Melee: Dagger            |   133 |     9 |       ||   142
       Falchion          |       |    28 |       ||    28
       Trident           |       |   170 |    95 ||   265
       Staff             |       |     3 |       ||     3
 Cast: Freeze            |    38 |    20 |    27 ||    85
       Throw Frost       |     1 |    17 |     9 ||    27
       Ozocubu's Armour  |       |     1 |     3 ||     4
  Use: Scroll            |       |    13 |     4 ||    17
       Potion            |       |     4 |       ||     4
 Stab: Sleeping          |     3 |     2 |       ||     5
  Eat: Chunk             |     3 |    10 |     5 ||    18
       Ration            |       |     1 |       ||     1
Armor: Robe              |     5 |       |       ||     5
       Leather armour    |    27 |   100 |    31 ||   158
       Skin              |       |    20 |       ||    20
Dodge: Dodged            |   105 |   158 |    61 ||   324
Block: Buckler           |       |    32 |    27 ||    59
       Rpst.: Falchion   |       |     5 |       ||     5
